 Dungeon Crawl Stone Soup version 0.19.1 (webtiles) character file.

6722 Faustar the Nimble (level 11, -8/86 HPs)
             Began as a Merfolk Skald on Dec 24, 2016.
             Was a Priest of Okawaru.
             Mangled by a ten-headed hydra (14 damage)
             ... on level 1 of the Lair of Beasts.
             The game lasted 00:34:10 (11334 turns).

Faustar the Nimble (Merfolk Skald)                 Turns: 11334, Time: 00:34:10

Health: -8/86      AC: 10    Str: 19    XL:     11   Next: 4%
Magic:  4/18       EV: 17    Int: 14    God:    Okawaru [***...]
Gold:   458        SH:  0    Dex: 14    Spells: 5 memorised, 9 levels left

rFire  . . .     SeeInvis .     D - +2 halberd
rCold  . . .     Gourm    .     p - +0 ring mail
rNeg   . . .     Faith    .     (shield currently unavailable)
rPois  .         Spirit   .     F - +0 helmet
rElec  +         Reflect  .     (no cloak)
rCorr  .         Harm     .     y - +2 pair of gloves
MR     .....                    E - +0 pair of boots
Stlth  +.........               (no amulet)
                                K - ring "Veal" {+Blink rElec Int+3}
                                a - +3 ring of strength

@: infused
A: change form in water, swift swim, stealthy swim
a: Heroism, Renounce Religion, Evoke Blink


You were on level 1 of the Lair of Beasts.
You worshipped Okawaru.
Okawaru was most pleased with you.
You were hungry.

You visited 3 branches of the dungeon, and saw 12 of its levels.
You also visited: Sewer.

You collected 542 gold pieces.
You spent 84 gold pieces at shops.

Inventory:

Hand Weapons
 t - a +2 spear of distortion
 D - a +2 halberd (weapon)
 I - a +0 trident
Armour
 b - a +0 leather armour
 e - a +1 pair of gloves
 l - a +4 chain mail
 o - a +0 chain mail
 p - a +0 ring mail (worn)
 y - a +2 pair of gloves (worn)
 E - a +0 pair of boots (worn)
 F - a +0 helmet (worn)
Jewellery
 a - a +3 ring of strength (left hand)
 K - the ring "Veal" (right hand) {+Blink rElec Int+3}
   (You found it on level 6 of the Dungeon)

   [ring of intelligence]

   It affects your intelligence (+3).
   It insulates you from electricity.
   It lets you blink.
Scrolls
 f - a scroll of teleportation {unknown}
 h - 4 scrolls of remove curse
 j - a scroll of blinking
 r - a scroll of fear
 C - 3 scrolls of amnesia
 M - a scroll of torment {unknown}
Potions
 g - 7 potions of curing
 i - 4 potions of heal wounds {unknown}
 m - a potion of berserk rage
 n - 5 potions of flight
 q - 2 potions of cure mutation
 u - 2 potions of mutation
 v - 3 potions of might
 x - a potion of agility
 z - 2 potions of resistance
 G - a potion of cancellation
 J - a potion of degeneration
 L - 3 potions of beneficial mutation {unknown}
 N - a potion of lignification
Books
 c - a book of Battle

   Spells                             Type                      Level
   a - Infusion                       Charms                       1
   b - Shroud of Golubria             Charms/Translocation         2
   c - Song of Slaying                Charms                       2
   d - Spectral Weapon                Hexes/Charms                 3
   e - Regeneration                   Charms/Necromancy            3
 A - a book of Misfortune

   Spells                             Type                      Level
   a - Confusing Touch                Hexes                        1
   b - Confuse                        Hexes                        3
   c - Gell's Gravitas                Hexes/Translocation          3
   d - Petrify                        Transmutation/Earth          4
   e - Metabolic Englaciation         Hexes/Ice                    5
   f - Yara's Violent Unravelling     Hexes/Transmutation          5
 B - a book of Changes

   Spells                             Type                      Level
   a - Beastly Appendage              Transmutation                1
   b - Sticks to Snakes               Transmutation                2
   c - Spider Form                    Transmutation/Poison         3
   d - Ice Form                       Ice/Transmutation            4
   e - Blade Hands                    Transmutation                5
Comestibles
 d - 10 bread rations
 k - 5 beef jerkies
 s - 5 meat rations
 w - 7 slices of pizza
 H - 3 fruits
 O - 2 chunks of flesh


   Skills:
 - Level 8.2 Fighting
 + Level 9.4 Polearms
 - Level 0.6 Armour
 - Level 10.7 Dodging
 - Level 5.0 Spellcasting
 - Level 5.2 Hexes
 - Level 7.3 Charms
 - Level 3.6 Necromancy


You had 9 spell levels left.
You knew the following spells:

 Your Spells              Type           Power        Failure   Level  Hunger
a - Infusion              Chrm           ###.         1%          1    None
b - Song of Slaying       Chrm           ###.....     1%          2    ##.....
c - Shroud of Golubria    Chrm/Tloc      ##........   12%         2    ##.....
d - Regeneration          Chrm/Necr      ###.......   12%         3    ###....
e - Spectral Weapon       Hex/Chrm       ###.....     10%         3    ###....


Dungeon Overview and Level Annotations

Branches:
Dungeon (10/15)            Temple (1/1) D:6            Lair (1/6) D:10
    Orc (0/2) D:9

Altars:
Ashenzari
Cheibriados
Dithmenos
Elyvilon
Fedhas
Gozag
Hepliaklqana
Kikubaaqudgha
Makhleb
Nemelex Xobeh
Okawaru
Qazlal
Ru
Sif Muna
Trog
Uskayaw
Vehumet
Xom
Yredelemnul
Zin
The Shining One

Shops:
D:8 !


Message History

The ten-headed hydra bites you but does no damage.
The ten-headed hydra bites you!
Your shroud falls apart!
The ten-headed hydra bites you.
The ten-headed hydra bites you but does no damage.
The ten-headed hydra bites you. The ten-headed hydra barely misses you.
Unknown command.
Casting: Shroud of Golubria
Confirm with . or Enter, or press ? or * to list all spells.
Space distorts slightly along a thin shroud covering your body.
The ten-headed hydra completely misses you.
The ten-headed hydra closely misses you. x2
The ten-headed hydra bites you but does no damage. x2
The ten-headed hydra bites you!
* * * LOW HITPOINT WARNING * * *
The ten-headed hydra bites you!
* * * LOW HITPOINT WARNING * * *
Your shroud falls apart!
The ten-headed hydra bites you!
You die...

## ##
.####.#####.# .
............#..
........(......
........D......
.......@.......
♣♣≈♣≈♣≈........
♣≈♣≈♣♣≈....
≈≈≈♣P≈ ♣... ≈≈≈
≈≈P ≈. ≈≈≈≈≈
≈P≈≈ ♣ ≈≈≈≈
≈≈≈≈ ≈≈≈≈
≈≈≈≈≈≈


You could see a ten-headed hydra and a friendly spectral enchanted halberd.

Vanquished Creatures
  Pikel (D:6)
  A hill giant (D:10)
  Maurice (D:8)
  A two-headed ogre (D:8)
  5 yaks
  2 hungry ghosts (D:9)
  2 hogs (D:7)
  3 orc warriors
  A water moccasin (D:9)
  2 sky beasts (D:8)
  2 ice beasts (D:10)
  A necrophage (D:10)
  3 phantoms
  4 ogres
  5 centaurs
  A crocodile (D:10)
  2 big kobolds
  3 bullfrogs
  A troll zombie (D:9)
  7 wights
  6 howler monkeys
  A crimson imp (D:5)
  A quasit (D:5)
  3 hounds
  3 orc wizards
  2 orc priests (D:8)
  2 jellies
  A bullfrog skeleton (D:5)
  An iguana (D:10)
  Natasha (thrice) (D:4)
  5 worker ants
  A killer bee zombie (D:6)
  5 ogre zombies (D:9)
  2 hound skeletons
  A howler monkey zombie (D:9)
  4 gnolls
  9 adders
  A howler monkey skeleton (D:8)
  4 river rats
  2 shadow imps
  4 oozes
  7 worms
  5 dart slugs
  5 leopard geckos
  23 orcs
  21 bats
  8 giant cockroaches
  5 goblins
  10 hobgoblins
  6 jackals
  2 quokkas
  6 ball pythons
  A ball python skeleton (D:5)
  11 frilled lizards
  2 goblin skeletons (D:9)
  2 goblin zombies (D:9)
  A hobgoblin skeleton (D:9)
  4 hobgoblin zombies (D:9)
  A jackal zombie (D:5)
  15 kobolds
  A leopard gecko skeleton (D:8)
  4 orc skeletons (D:9)
  12 orc zombies (D:9)
  23 rats
284 creatures vanquished.

Vanquished Creatures (others)
  An orc warrior (D:7)
  A crimson imp (D:6)
  An orc wizard (D:4)
  A hound (D:6)
  An iguana (D:7)
  2 worker ants
  An adder (D:6)
  An ooze (D:6)
  A ball python (D:3)
  A giant cockroach (D:7)
11 creatures vanquished.

Grand Total: 295 creatures vanquished

Notes
Turn   | Place    | Note
-------+----------+-------------------------------------------
     0 | D:1      | Faustar the Merfolk Skald began the quest for the Orb.
     0 | D:1      | Reached XP level 1. HP: 16/16 MP: 3/3
   133 | D:1      | Reached XP level 2. HP: 22/22 MP: 5/5
   182 | D:1      | Reached skill level 5 in Polearms
   182 | D:1      | Reached XP level 3. HP: 12/27 MP: 6/6
   988 | D:2      | Reached XP level 4. HP: 33/33 MP: 7/7
  1266 | D:2      | You fall through a shaft for 2 floors!
  1627 | D:3      | Reached XP level 5. HP: 6/38 MP: 8/8
  1649 | D:3      | Found a glowing drain.
  1666 | Sewer    | Entered a sewer
  1979 | Sewer    | Noticed a big kobold
  2004 | Sewer    | Killed a big kobold
  2190 | Sewer    | Found a white marble altar of Elyvilon.
  2307 | D:3      | Reached XP level 6. HP: 11/44 MP: 1/9
  2497 | D:3      | Found a radiant altar of Vehumet.
  3015 | D:2      | Learned a level 2 spell: Song of Slaying
  3018 | D:2      | Learned a level 2 spell: Shroud of Golubria
  4060 | D:4      | Reached XP level 7. HP: 52/55 MP: 10/10
  4061 | D:4      | Noticed Natasha
  4164 | D:4      | Killed Natasha
  4261 | D:4      | Noticed Natasha
  4270 | D:4      | Killed Natasha
  4270 | D:4      | Reached skill level 5 in Fighting
  4502 | D:5      | Entered Level 5 of the Dungeon
  4518 | D:4      | Noticed Natasha
  4532 | D:4      | Killed Natasha
  4985 | D:5      | Reached XP level 8. HP: 67/67 MP: 11/11
  5610 | D:6      | Noticed Pikel
  5618 | D:6      | Killed Pikel
  5734 | D:6      | Reached XP level 9. HP: 56/74 MP: 12/12
  5886 | D:6      | Reached skill level 2 in Dodging
  5960 | D:6      | Found a deep blue altar of Sif Muna.
  5961 | D:6      | Found a hazy altar of Hepliaklqana.
  5964 | D:6      | Found a bloodstained altar of Trog.
  5964 | D:6      | Found a shimmering altar of Xom.
  5990 | D:6      | Got a sparkling amber ring
  6027 | D:6      | Reached skill level 3 in Dodging
  6169 | D:6      | Found a staircase to the Ecumenical Temple.
  6322 | Temple   | Entered the Ecumenical Temple
  6472 | Temple   | Became a worshipper of Warmaster Okawaru
  6690 | D:7      | Reached skill level 4 in Dodging
  6693 | D:7      | Reached skill level 5 in Dodging
  7000 | D:7      | Reached skill level 6 in Dodging
  7480 | D:8      | Noticed a two-headed ogre
  7496 | D:8      | Reached skill level 7 in Dodging
  7499 | D:8      | Killed a two-headed ogre
  7499 | D:8      | Reached skill level 8 in Dodging
  7502 | D:8      | Found an iron altar of Okawaru.
  7511 | D:8      | Reached * piety under Okawaru
  7707 | D:8      | Found Qaril's Distillery.
  7716 | D:8      | Bought a potion of mutation for 32 gold pieces
  7716 | D:8      | Bought a potion of degeneration for 13 gold pieces
  7716 | D:8      | Bought a potion of curing for 39 gold pieces
  7866 | D:8      | Reached skill level 9 in Dodging
  8002 | D:8      | Noticed Maurice
  8137 | D:8      | Killed Maurice
  8137 | D:8      | Reached ** piety under Okawaru
  8137 | D:8      | Reached skill level 10 in Dodging
  8137 | D:8      | Reached XP level 10. HP: 80/80 MP: 9/13
  8143 | D:8      | Learned a level 3 spell: Regeneration
  8147 | D:8      | Learned a level 3 spell: Spectral Weapon
  9242 | D:9      | Found a staircase to the Orcish Mines.
  9428 | D:9      | Reached skill level 5 in Spellcasting
  9444 | D:9      | Reached skill level 1 in Necromancy
  9694 | D:9      | Reached *** piety under Okawaru
  9720 | D:9      | Identified the ring "Veal" {+Blink rElec Int+3} (You found it on level 6 of the Dungeon)
 10061 | D:9      | Reached skill level 1 in Hexes
 10718 | D:10     | Entered Level 10 of the Dungeon
 11036 | D:10     | Noticed a hill giant
 11048 | D:10     | Killed a hill giant
 11048 | D:10     | Reached skill level 5 in Hexes
 11048 | D:10     | Reached XP level 11. HP: 37/86 MP: 18/18
 11315 | D:10     | Found a staircase to the Lair.
 11326 | Lair:1   | Entered Level 1 of the Lair of Beasts
 11326 | Lair:1   | Noticed a four-headed hydra
 11334 | Lair:1   | Mangled by a ten-headed hydra

Skill      XL: |  1  2  3  4  5  6  7  8  9 10 |
---------------+-------------------------------+-----
Polearms       | 4 5 6 7 9 |  9.4
Fighting       | 4 7 8 |  8.2
Charms         | 7 |  7.3
Dodging        | 10 | 10.7
Spellcasting   | 5 |  5.0
Necromancy     | 3 |  3.6
Hexes          | 5 |  5.2
Armour         | |  0.6

Action                   |  1- 3 |  4- 6 |  7- 9 | 10-12 || total
-------------------------+-------+-------+-------+-------++-------
Melee: Spear             |   170 |   370 |   199 |       ||   739
       Tailslap          |       |    14 |       |       ||    14
       Halberd           |       |       |    88 |   316 ||   404
 Cast: Infusion          |       |     3 |     4 |     5 ||    12
       Shroud of Golubri |       |       |     4 |    10 ||    14
       Song of Slaying   |       |       |     3 |       ||     3
       Spectral Weapon   |       |       |       |     3 ||     3
Invok: Heroism           |       |       |       |     2 ||     2
  Use: Scroll            |       |     2 |       |    13 ||    15
       Potion            |       |       |     1 |     2 ||     3
 Stab: Sleeping          |       |     1 |       |       ||     1
  Eat: Chunk             |       |    10 |    14 |    12 ||    36
       Pizza             |       |       |       |     1 ||     1
Armor: Leather armour    |    53 |    41 |       |       ||    94
       Ring mail         |       |    32 |    25 |    71 ||   128
       Chain mail        |       |    14 |    22 |       ||    36
Dodge: Dodged            |   105 |   125 |    82 |   289 ||   601
